 Dungeon Crawl Stone Soup version 0.30.0-20-g3615ddf2f0 (webtiles) character file.

Game seed: 12997442160145281376

4 qw the Shield-Bearer (level 1, -1/14 HPs)
             Began as a Gargoyle Fighter on May 27, 2023.
             Slain by a quokka (3 damage)
             ... on level 1 of the Dungeon.
             The game lasted 00:00:06 (128 turns).

qw the Shield-Bearer (Gargoyle Fighter)              Turns: 128, Time: 00:00:07

Health: -1/14      AC:  9    Str: 19    XL:     1   Next: 70%
Magic:  1/1        EV:  9    Int:  8    God:
Gold:   18         SH:  4    Dex:  9    Spells: 0/0 levels left

rFire   . . .        a - +0 war axe
rCold   . . .        c - +0 buckler
rNeg    + . .        b - +0 scale mail
rPois   inf          (no helmet)
rElec   +            (no cloak)
rCorr   .            (no gloves)
SInv    .            (no boots)
Will    .....        (no amulet) Stlth
                     (no ring)
HPRegen 0.22/turn    (no ring)
MPRegen 0.07/turn

%: no passive effects
@: no status effects
A: sickness immunity, AC +2, negative energy resistance 1, electricity
resistance, torment resistance 1, petrification resistance
a: no special abilities


You were on level 1 of the Dungeon.
You visited 1 branch of the dungeon, and saw 1 of its levels.

You collected 18 gold pieces.


Innate Abilities, Weirdness & Mutations

You are immune to sickness and miasma.
Your stone body is resilient. (AC +2)
You are immune to poison.
You resist negative energy. (rN+)
You are resistant to electric shocks. (rElec)
You are resistant to unholy torment.
You are immune to petrification.


   Skills:
 - Level 3.2 Fighting
 + Level 2.2 Axes
 - Level 3.2 Armour
 - Level 3.2 Shields


You couldn't memorise any spells.
You didn't know any spells.
Your spell library was empty.

Inventory:

Hand Weapons
 a - a +0 war axe (weapon)
Armour
 b - a +0 scale mail (worn)
 c - a +0 buckler (worn)
Jewellery
 e - an amulet of reflection
Scrolls
 g - a scroll of teleportation {unknown}
Potions
 d - a potion of might
 f - a potion of mutation {unknown}

Dungeon Overview and Level Annotations

Branches:
Dungeon (1/15)

Altars:


Message History

The quokka closely misses you.
The quokka bites you but does no damage.
You completely miss the quokka.
The quokka is heavily wounded.
You block the quokka's attack. The quokka closely misses you.
You hit the quokka.
The quokka is severely wounded.
The quokka bites you but does no damage.
The quokka bites you.
You closely miss the quokka.
The quokka is severely wounded.
The quokka bites you but does no damage.
You hit the quokka but do no damage.
The quokka is severely wounded.
The quokka bites you but does no damage.
The quokka closely misses you.
You slash the quokka!
You kill the quokka!
You open the door.
There is an open door here.
You now have 18 gold pieces.
A quokka and an endoplasm come into view.
The endoplasm quivers.
The quokka moves out of view.
Enter note: You miss the quokka.
You barely miss the endoplasm.
The quokka bites you but does no damage.
The endoplasm closely misses you. The quokka bites you.
You barely miss the quokka. You hit the endoplasm.
The endoplasm closely misses you. The quokka bites you.
The endoplasm freezes you.
You are frozen.
You barely miss the quokka. You slash the endoplasm!
You kill the endoplasm!
You block the quokka's attack. The quokka closely misses you.
You barely miss the quokka. The quokka barely misses you. The quokka bites you.
You completely miss the quokka. The quokka bites you.
You die...

....#.# #. #.....# #.
#### #.....# #. ...
.....# #.
#.#######.#.#######
#................%.
#.##.####.#.#....##
#.##.#.#.........'....#
.......@...#.#.#.#....#
#.#.##.r..###..#.#....#
#.........#.#....#
.....####.##.#....#
..#.... .....#....#
#..#....###.#####.###
#. #..... ... ..# #.
#......


You could see a quokka.

Vanquished Creatures
  An endoplasm (D:1)
  A hobgoblin (D:1)
  A quokka (D:1)
  A rat (D:1)
4 creatures vanquished.

Notes
Turn   | Place    | Note
-------+----------+-------------------------------------------
     0 | D:1      | qw the Gargoyle Fighter began the quest for the Orb.
     0 | D:1      | Reached XP level 1. HP: 14/14 MP: 1/1
     0 | D:1      | 0 ||| qw: Version: 0.2-a-100-g3d2c45e
     0 | D:1      | 0 ||| qw: Game counter: 194
     0 | D:1      | 0 ||| qw: Always use a shield: true
     0 | D:1      | 0 ||| qw: God list: Okawaru
     0 | D:1      | 0 ||| qw: Allow faded altars: false
     0 | D:1      | 0 ||| qw: Do Orc after D:15 true
     0 | D:1      | 0 ||| qw: Do second Lair branch before Depths: true
     0 | D:1      | 0 ||| qw: Lair rune preference: random
     0 | D:1      | 0 ||| qw: Plans: Normal, Zot:1-4, God:TSO, Crypt, Tomb,
                  | Pan, Slime:5, Hells, Abyss, Win
     0 | D:1      | 0 ||| PLANNING D:1-11
   127 | D:1      | HP: 2/14 [quokka (3)]
   128 | D:1      | Slain by a quokka

Levels and vault maps discovered:
D:1:      saegor_arrival_under_anarchy, layout_basic, serial_glass,
          glass_columns_a, glass_columns_a, glass_columns_b, glass_columns_b,
          glass_columns_b, glass_columns_a

Skill      XL: |  1 |
---------------+----+-----
Axes           | 2 |  2.2
Fighting       | |  3.2
Armour         | |  3.2
Shields        | |  3.2

Action                     || total
---------------------------++-------
  Melee: War axe           ||    22
 Armour: Scale mail        ||     8
  Dodge: Dodged            ||    15
  Block: Buckler           ||     5

Table legend:
 A = Non-vault XP
 B = Vault XP
 C = Vault XP percentage of total XP
 D = Non-vault monster count
 E = Vault monster count
 F = Vault count percentage of total count
                 A         B        C        D         E       F
            +---------+---------+-------+---------+---------+-------
      Total |       7 |       0 |   0.0 |       4 |       0 |   0.0
            +---------+---------+-------+---------+---------+-------
        D:1 |       7 |       0 |   0.0 |       4 |       0 |   0.0
            +---------+---------+-------+---------+---------+-------
